Nobbs, chaotic male human Barbarian ----- ---------- |...| |.?+]?.++| |...| -------- |????????| ----- #....| |......| |???.????| --------- |...|#####|....# |......| |..??????| ##-.......| --------- |...| |...|# ##......(| |........| # |........ |..{....| ....| -----# # |......| -|-------- ### |.......| +..>...@-#####|...| # ### ----.--- # # ---.----- |.......|#####....| # # # # ## ### ---------# |...| ### ### # ############ #### ----- # # # ## # #### #`####################### ##### # ### # # -----.---- ## # # ## ### |..`.....| --|-----### ------|- # |...#....| |.......# |......| ### |........| |......|# |......| # |........| |<.{..*.# |......-############################ ---------- -------- -------- Nobbs the Pillager Experience level: 3 Strength: 18 Dexterity: 18 Constitution: 17 Intelligence: 8 Wisdom: 9 Charisma: 6 Health: 0(26) Energy: 8(8) Def: 3 Gold: 163 Moves: 1477 Dungeon seed: ifJ8GDyBnrsDz3wV Game ID: Nobbs_1510063664 Your Inventory: Coins $ - 163 gold pieces Weapons a - a +0 two-handed sword (weapon in hands) b - a +0 axe (alternate weapon; not wielded) l - a +0 orcish dagger Armor e - an uncursed +0 ring mail (being worn) n - an uncursed +0 orcish helm q - an uncursed +0 large shield Comestibles c - 2 uncursed food rations i - an uncursed tin of spinach j - an uncursed slime mold r - 2 uncursed tripe rations Scrolls m - 2 uncursed scrolls of identify o - a cursed scroll of identify s - an uncursed scroll of create monster t - an uncursed scroll of magic mapping Spellbooks d - an uncursed spellbook of clairvoyance h - an uncursed spellbook of haste self Potions f - an uncursed potion of gain ability Rings g - an uncursed ring of cold resistance u - an uncursed ring of protection from shape changers Tools p - an uncursed lock pick Spells and supernatural/magical abilities: Name Level Category Fail Memory W - pray for help -- divine ? -- Your skills at the end: Fighting Skills bare handed combat [Basic] Weapon Skills axe [Basic] two-handed sword [Basic] Spellcasting Skills Final Attributes: You were piously aligned. You were poison resistant. You are dead. Vanquished creatures: a little dog a gas spore a large kobold a giant rat 2 yellow molds a gnome zombie a gecko 4 jackals 2 goblins a sewer rat 4 grid bugs 3 lichens 4 newts 26 creatures vanquished. Voluntary challenges: You were an atheist. You used a wielded weapon 19 times, starting on turn 6. You were illiterate. You never genocided any monsters. You never polymorphed an object. You never changed form. You used no wishes. You never split a pudding. You never wrote Elbereth's name. You never violated your personal moral code. Dungeon overview: The Dungeons of Doom: levels 1 to 4 Level 1 a long staircase Level 2 a fountain stairs to The Gnomish Mines Level 3 a fountain Level 4 <- You were here a scroll shop, some fountains, a sink The Gnomish Mines: Level 3 stairs to The Dungeons of Doom History has recorded: On T:1 you entered the Dungeons of Doom to retrieve the Amulet of Yendor! On T:81 you reached level 2 of The Dungeons of Doom. On T:627 you reached level 1 of The Gnomish Mines. On T:707 you reached level 3 of The Dungeons of Doom. On T:934 you reached level 4 of The Dungeons of Doom. On T:954 you advanced to experience level 2. On T:1116 you advanced to experience level 3. Score breakdown: Gold: 163 ( 7534 points) Experience: 3 levels ( 7878 points) Exploration: 4 levels ( 8.00%) ( 7423 points) Discoveries: 2 items ( 0.81%) ( 2705 points) Valuables value: (no points given unless you survive) Artifact value: 0 ( 0 points) Variety of kills: 13 monsters ( 3.41%) ( 5541 points) Turncount: 1477 turns ( 0 points) Survival: died (score multiplied by 80%) Total score: 24864 Latest messages: You stop. Fuffy is in the way! You hear the chime of a cash register. The floating eye glares at you. You manage to look away just in time; but that disturbs your aim, and you miss. The floating eye glares at you. You manage to look away just in time; but that disturbs your aim, and you miss. The floating eye glares at you. You manage to look away just in time; but that disturbs your aim, and you miss. You hear the chime of a cash register. The floating eye glares at you. You manage to look away just in time; but that disturbs your aim, and you miss. The floating eye glares at you. You manage to look away just in time; but that disturbs your aim, and you miss. You hear a gurgling noise. You displace Fuffy. (3x) You hear bubbling water. With great effort you move the boulder. Click! You trigger a rolling boulder trap! You are hit by a boulder. Click! You trigger a rolling boulder trap! You are hit by a boulder. You die... Final status: Goodbye Nobbs the Barbarian, killed by a boulder... You died in The Dungeons of Doom on dungeon level 4 with 24864 points, and 163 pieces of gold, after 1477 moves. You were level 3 with a maximum of 26 hit points when you died.